PA
PHOENIX HOTSPUR U-21 @ SOUTH BEACH BLAZE
08/19/2029
 
TOP OF THE 1ST
Phoenix Hotspur U-21 batting - Pitching for South Beach Blaze : RHP Aaron Briggs
Pitching: RHP Aaron Briggs
Batting: LHB Damian Alldred 0-0: Ball
1-0: Ball
2-0: Ground out 3-1 (Groundball, 34)
Batting: LHB Jason DeGeorge 0-0: Foul Ball, location: 2F
0-1: Ball
1-1: Called Strike
1-2: Strikes out swinging
Batting: LHB Tyler Kinjeketile 0-0: Ball
1-0: Foul Ball, location: 2F
1-1: Foul Ball, location: 2F
1-2: Foul Ball, location: 2F
1-2: Foul Ball, location: 2F
1-2: Ball
2-2: Ground out 4-3 (Groundball, 4M)
Top of the 1st over - 0 runs, 0 hits, 0 errors, 0 left on base; Phoenix 0 - South Beach 0
BOTTOM OF THE 1ST
South Beach Blaze batting - Pitching for Phoenix Hotspur U-21 : RHP Jorge Cruzan
Pitching: RHP Jorge Cruzan
Batting: RHB Giobbe Bastedo 0-0: Called Strike
0-1: Swinging Strike
0-2: Strikes out swinging
Batting: RHB Harlan Peppers 0-0: Ball
1-0: Ball
2-0: Foul Ball, location: 2F
2-1: Swinging Strike
2-2: Strikes out swinging
Batting: LHB Marcel Escoda 0-0: Ball
1-0: Foul Ball, location: 2F
1-1: Ball
2-1: Foul Ball, location: 2F
2-2: Reached on error, E6 (Groundball, 6M)
Batting: LHB Sepulveda Zambrano 0-0: Swinging Strike
0-1: Ball
1-1: Foul Ball, location: 2F
1-2: Foul Ball, location: 2F
1-2: Ball
2-2: SINGLE (Flyball, 9S)
Marcel Escoda to third
Runner from 3rd tries for Home, SAFE, no throw
Batting: LHB Raymond Graham 0-0: Ball
1-0: SINGLE (Groundball, 34D)
Sepulveda Zambrano to second
Runner from 2nd tries for 3rd, SAFE, no throw
Batting: SHB Serious Lee 0-0: Ball
1-0: Ball
2-0: Called Strike
2-1: Ground out 5-3 (Groundball, 56S)
Bottom of the 1st over - 1 run, 2 hits, 1 error, 2 left on base; Phoenix 0 - South Beach 1
TOP OF THE 2ND
Phoenix Hotspur U-21 batting - Pitching for South Beach Blaze : RHP Aaron Briggs
Batting: RHB Jim Justice 0-0: Ball
1-0: Called Strike
1-1: Ground out 5-3 (Groundball, 56)
Batting: RHB Sinfronio Vitor 0-0: Ball
1-0: Called Strike
1-1: Foul Ball, location: 2F
1-2: Ball
2-2: Fly out, F7 (Flyball, 78M)
Batting: RHB Braylen Sampson 0-0: Ball
1-0: Ball
2-0: Foul Ball, location: 2F
2-1: Swinging Strike
2-2: Strikes out swinging
Top of the 2nd over - 0 runs, 0 hits, 0 errors, 0 left on base; Phoenix 0 - South Beach 1
BOTTOM OF THE 2ND
South Beach Blaze batting - Pitching for Phoenix Hotspur U-21 : RHP Jorge Cruzan
Batting: RHB Daniel Bertrand 0-0: Ball
1-0: Ball
2-0: Swinging Strike
2-1: Ground out 5-3 (Groundball, 56)
Batting: RHB Greg Schiff 0-0: Called Strike
0-1: Ball
1-1: Ball
2-1: Foul Ball, location: 2F
2-2: Foul Ball, location: 2F
2-2: Ball
3-2: Foul Ball, location: 2F
3-2: Base on Balls
Batting: RHB Ed Bowers 0-0: Ball
1-0: Ball
2-0: Called Strike
2-1: Swinging Strike
2-2: Strikes out swinging
Batting: RHB Giobbe Bastedo 0-0: Called Strike
0-1: Ball
1-1: Ball
2-1: Fielders Choice at 2nd, 6-4 (Groundball, 6)
Bottom of the 2nd over - 0 runs, 0 hits, 0 errors, 1 left on base; Phoenix 0 - South Beach 1
TOP OF THE 3RD
Phoenix Hotspur U-21 batting - Pitching for South Beach Blaze : RHP Aaron Briggs
Batting: RHB Bill Erickson 0-0: Ball
1-0: Ground out 6-3 (Groundball, 6)
Batting: RHB Bill Poole 0-0: Ball
1-0: Ball
2-0: Swinging Strike
2-1: Foul Ball, location: 2F
2-2: Foul Ball, location: 2F
2-2: Foul Ball, location: 2F
2-2: Ball
3-2: Foul Ball, location: 2F
3-2: Foul Ball, location: 2F
3-2: Fly out, F8 (Flyball, 8LD)
Batting: RHB José Souza 0-0: Called Strike
0-1: Ball
1-1: Ball
2-1: Ball
3-1: Swinging Strike
3-2: Strikes out swinging
Top of the 3rd over - 0 runs, 0 hits, 0 errors, 0 left on base; Phoenix 0 - South Beach 1
BOTTOM OF THE 3RD
South Beach Blaze batting - Pitching for Phoenix Hotspur U-21 : RHP Jorge Cruzan
Batting: RHB Harlan Peppers 0-0: Ground out 5-3 (Groundball, 56S)
Batting: LHB Marcel Escoda 0-0: Ball
1-0: Called Strike
1-1: SINGLE (Groundball, 6MD)
Batting: LHB Sepulveda Zambrano 0-0: Called Strike
0-1: Ball
1-1: Ball
2-1: Foul Ball, location: 2F
2-2: Ball
3-2: Foul Ball, location: 2F
3-2: Base on Balls
Marcel Escoda to second
Batting: LHB Raymond Graham 0-0: Called Strike
0-1: Fly out, F8 (Flyball, 8LD)
Batting: SHB Serious Lee 0-0: Called Strike
Sepulveda Zambrano steals 2nd base
Marcel Escoda to third
0-1: Foul Ball, location: 2F
0-2: Ball
1-2: Foul Ball, location: 2F
1-2: Ball
2-2: Ball
3-2: Fly out, F4 (Line Drive, 4)
Bottom of the 3rd over - 0 runs, 1 hit, 0 errors, 2 left on base; Phoenix 0 - South Beach 1
TOP OF THE 4TH
Phoenix Hotspur U-21 batting - Pitching for South Beach Blaze : RHP Aaron Briggs
Batting: LHB Damian Alldred 0-0: SINGLE (Groundball, 56D)
Batting: LHB Jason DeGeorge 0-0: Called Strike
0-1: SINGLE (Groundball, 4) (infield hit)
Damian Alldred to second
Batting: LHB Tyler Kinjeketile 0-0: Ball
1-0: Ball
2-0: Swinging Strike
2-1: Ball
3-1: Foul Ball, location: 2F
3-2: Foul Ball, location: 2F
3-2: Fly out, F6 (Popup, P)
Batting: RHB Jim Justice 0-0: Called Strike
0-1: Ball
1-1: Ball
2-1: Swinging Strike
2-2: Ball
3-2: Strikes out swinging
Batting: RHB Sinfronio Vitor 0-0: Ball
1-0: Ground out 5-3 (Groundball, 5S)
Top of the 4th over - 0 runs, 2 hits, 0 errors, 2 left on base; Phoenix 0 - South Beach 1
BOTTOM OF THE 4TH
South Beach Blaze batting - Pitching for Phoenix Hotspur U-21 : RHP Jorge Cruzan
Batting: RHB Daniel Bertrand 0-0: Ball
1-0: Called Strike
1-1: Ball
2-1: Ball
3-1: Fly out, F2 (Popup, 25F)
Batting: RHB Greg Schiff 0-0: Foul Ball, location: 2F
0-1: Foul Ball, location: 2F
0-2: Hit by Pitch
Batting: RHB Ed Bowers 0-0: Ball
1-0: Called Strike
1-1: Called Strike
1-2: Grounds into double play, 5-4-3 (Groundball, 56)
Bottom of the 4th over - 0 runs, 0 hits, 0 errors, 0 left on base; Phoenix 0 - South Beach 1
TOP OF THE 5TH
Phoenix Hotspur U-21 batting - Pitching for South Beach Blaze : RHP Aaron Briggs
Batting: RHB Braylen Sampson 0-0: Called Strike
0-1: Swinging Strike
0-2: Strikes out swinging
Batting: RHB Bill Erickson 0-0: Ball
1-0: Foul Ball, location: 2F
1-1: Ball
2-1: Ground out 4-3 (Groundball, 4)
Batting: RHB Bill Poole 0-0: SOLO HOME RUN (Flyball, 7D), Distance : 420 ft
Batting: RHB José Souza 0-0: Called Strike
0-1: Hit by Pitch
Pinch Runner at 1st Greg Billingsley:
Batting: LHB Damian Alldred 0-0: Called Strike
0-1: Ball
1-1: Called Strike
1-2: Strikes out swinging
Top of the 5th over - 1 run, 1 hit, 0 errors, 1 left on base; Phoenix 1 - South Beach 1
BOTTOM OF THE 5TH
South Beach Blaze batting - Pitching for Phoenix Hotspur U-21 : RHP Jorge Cruzan
Now at 3B: Greg Billingsley
Batting: RHB Giobbe Bastedo 0-0: Called Strike
0-1: Ball
1-1: Ball
2-1: Ball
3-1: Foul Ball, location: 2F
3-2: SINGLE (Groundball, 6D)
Batting: RHB Harlan Peppers 0-0: Sac Bunt - play at first, batter safe!
Giobbe Bastedo to second
Batting: LHB Marcel Escoda 0-0: Swinging Strike
0-1: Foul Ball, location: 2F
0-2: Foul Ball, location: 2F
0-2: Ball
1-2: SINGLE (Line Drive, 6MD)
Giobbe Bastedo to third
Harlan Peppers to second
Batting: LHB Sepulveda Zambrano 0-0: Called Strike
0-1: Ball
1-1: Swinging Strike
1-2: SINGLE (Line Drive, 4D)
Giobbe Bastedo scores
Harlan Peppers to third
Marcel Escoda to second
Batting: LHB Raymond Graham 0-0: Ball
1-0: Foul Ball, location: 2F
1-1: Called Strike
1-2: Ball
2-2: Strikes out swinging
Batting: SHB Serious Lee 0-0: Ball
1-0: Swinging Strike
1-1: Ball
2-1: Ball
3-1: SINGLE (Flyball, 89M)
Harlan Peppers scores
Marcel Escoda to third
Sepulveda Zambrano to second
Runner from 3rd tries for Home, SAFE, no throw
Batting: RHB Daniel Bertrand 0-0: Called Strike
0-1: Swinging Strike
0-2: Foul Ball, location: 2F
0-2: Ball
Wild Pitch!
Sepulveda Zambrano to third
Serious Lee to second
1-2: Ground out 6-3 (Groundball, 6)
Sepulveda Zambrano scores
Batting: RHB Greg Schiff 0-0: Ball
1-0: Ball
2-0: Foul Ball, location: 2F
2-1: Ball
3-1: Called Strike
3-2: Ground out 4-3 (Groundball, 4)
Bottom of the 5th over - 4 runs, 5 hits, 0 errors, 1 left on base; Phoenix 1 - South Beach 5
TOP OF THE 6TH
Phoenix Hotspur U-21 batting - Pitching for South Beach Blaze : RHP Aaron Briggs
Batting: LHB Jason DeGeorge 0-0: Foul Ball, location: 2F
0-1: Foul Ball, location: 2F
0-2: Ball
1-2: Ball
2-2: Ball
3-2: Foul Ball, location: 2F
3-2: Foul Ball, location: 2F
3-2: Foul Ball, location: 2F
3-2: Foul Ball, location: 2F
3-2: Base on Balls
Batting: LHB Tyler Kinjeketile 0-0: Called Strike
0-1: Called Strike
0-2: Ball
1-2: Ball
2-2: Ball
Jason DeGeorge steals 2nd base
3-2: Foul Ball, location: 2F
3-2: SINGLE (Groundball, 34D)
Jason DeGeorge to third
Runner from 3rd tries for Home, SAFE, throw made home
Batting: RHB Jim Justice 0-0: Fly out, F9 (Flyball, 89D)
Batting: RHB Sinfronio Vitor 0-0: Ball
1-0: Called Strike
1-1: Swinging Strike
1-2: Ball
2-2: Ball
3-2: Strikes out swinging
Batting: RHB Braylen Sampson 0-0: Foul Ball, location: 2F
0-1: Fly out, F7 (Flyball, 7)
Top of the 6th over - 1 run, 1 hit, 0 errors, 1 left on base; Phoenix 2 - South Beach 5
BOTTOM OF THE 6TH
South Beach Blaze batting - Pitching for Phoenix Hotspur U-21 : RHP Jorge Cruzan
Batting: RHB Ed Bowers 0-0: Called Strike
0-1: Swinging Strike
0-2: Ball
1-2: Ball
2-2: Foul Ball, location: 2F
2-2: Ground out 4-3 (Groundball, 34)
Batting: RHB Giobbe Bastedo 0-0: Ball
1-0: Ball
2-0: Fly out, F6 (Popup, 6MS)
Batting: RHB Harlan Peppers 0-0: Ball
1-0: Swinging Strike
1-1: Ball
2-1: Foul Ball, location: 2F
2-2: Foul Ball, location: 2F
2-2: Foul Ball, location: 2F
2-2: Foul Ball, location: 2F
2-2: Ball
3-2: Strikes out looking
Bottom of the 6th over - 0 runs, 0 hits, 0 errors, 0 left on base; Phoenix 2 - South Beach 5
TOP OF THE 7TH
Phoenix Hotspur U-21 batting - Pitching for South Beach Blaze : RHP Aaron Briggs
Batting: RHB Bill Erickson 0-0: Ball
1-0: Ball
2-0: Ball
3-0: Called Strike
3-1: Ground out 3-1 (Groundball, 34S)
Batting: RHB Bill Poole 0-0: Called Strike
0-1: Called Strike
0-2: Ball
1-2: Strikes out swinging
Batting: RHB Greg Billingsley 0-0: Foul Ball, location: 2F
0-1: Ball
1-1: Ball
2-1: Ball
3-1: Base on Balls
Batting: LHB Damian Alldred 0-0: Foul Ball, location: 2F
0-1: Foul Ball, location: 2F
0-2: Foul Ball, location: 2F
0-2: Strikes out swinging
Top of the 7th over - 0 runs, 0 hits, 0 errors, 1 left on base; Phoenix 2 - South Beach 5
BOTTOM OF THE 7TH
South Beach Blaze batting - Pitching for Phoenix Hotspur U-21 : RHP Jorge Cruzan
Pitching: LHP Neal Burns
Batting: LHB Marcel Escoda 0-0: Ball
1-0: TRIPLE (Line Drive, 89XD)
Batting: LHB Sepulveda Zambrano 0-0: Ball
1-0: Called Strike
1-1: Swinging Strike
1-2: SINGLE (Flyball, 78S)
Marcel Escoda scores
Batting: LHB Raymond Graham 0-0: Ball
1-0: Ball
2-0: Ball
3-0: Called Strike
3-1: Fly out, F8 (Flyball, 8LM)
Batting: SHB Serious Lee 0-0: SINGLE (Line Drive, 89S)
Sepulveda Zambrano to second
Batting: RHB Daniel Bertrand 0-0: Called Strike
0-1: Ball
1-1: Ball
2-1: Swinging Strike
2-2: Foul Ball, location: 2F
2-2: Strikes out swinging
Batting: RHB Greg Schiff 0-0: SINGLE (Groundball, 56D)
Sepulveda Zambrano to third
Serious Lee to second
Runner from 3rd tries for Home, SAFE, no throw
Batting: RHB Ed Bowers 0-0: Ball
1-0: Called Strike
1-1: 3-RUN HOME RUN (Flyball, 7LD), Distance : 390 ft
Batting: RHB Giobbe Bastedo 0-0: SINGLE (Line Drive, 9S)
Batting: RHB Harlan Peppers 0-0: Ball
1-0: Ball
2-0: Swinging Strike
2-1: Foul Ball, location: 2F
2-2: Foul Ball, location: 2F
2-2: Ball
3-2: Base on Balls
Giobbe Bastedo to second
Batting: LHB Marcel Escoda 0-0: SINGLE (Flyball, 8RS)
Giobbe Bastedo to third
Harlan Peppers to second
Runner from 3rd tries for Home, SAFE, no throw
Batting: LHB Sepulveda Zambrano 0-0: SINGLE (Flyball, 9S)
Harlan Peppers to third
Marcel Escoda to second
Runner from 3rd tries for Home, SAFE, throw made home
Batting: LHB Raymond Graham 0-0: Ball
1-0: Called Strike
1-1: Ball
2-1: Fly out, F7 (Line Drive, 78M)
Bottom of the 7th over - 7 runs, 8 hits, 0 errors, 2 left on base; Phoenix 2 - South Beach 12
TOP OF THE 8TH
Phoenix Hotspur U-21 batting - Pitching for South Beach Blaze : RHP Aaron Briggs
Pitching: RHP Rizal Velasco
Batting: LHB Jason DeGeorge 0-0: Called Strike
0-1: Hit by Pitch
Batting: LHB Tyler Kinjeketile 0-0: Called Strike
0-1: Foul Ball, location: 2F
0-2: Grounds into double play, 5-4-3 (Groundball, 56)
Batting: RHB Jim Justice 0-0: Ball
1-0: Ball
2-0: Ball
3-0: Base on Balls
Batting: RHB Sinfronio Vitor 0-0: Ground out 4-3 (Groundball, 4)
Top of the 8th over - 0 runs, 0 hits, 0 errors, 1 left on base; Phoenix 2 - South Beach 12
BOTTOM OF THE 8TH
South Beach Blaze batting - Pitching for Phoenix Hotspur U-21 : LHP Neal Burns
Batting: SHB Serious Lee 0-0: Foul Ball, location: 2F
0-1: Ball
1-1: Foul Ball, location: 2F
1-2: Foul Ball, location: 2F
1-2: Strikes out looking
Batting: RHB Daniel Bertrand 0-0: Called Strike
0-1: SINGLE (Groundball, 34D)
Batting: RHB Greg Schiff 0-0: Ball
Daniel Bertrand steals 2nd base
1-0: Called Strike
1-1: Foul Ball, location: 2F
1-2: Foul Ball, location: 2F
1-2: Strikes out looking
Pinch Hitting: LHB Ed Gordon 0-0: Ground out 3-1 (Groundball, 34)
Bottom of the 8th over - 0 runs, 1 hit, 0 errors, 1 left on base; Phoenix 2 - South Beach 12
TOP OF THE 9TH
Phoenix Hotspur U-21 batting - Pitching for South Beach Blaze : RHP Rizal Velasco
Now in LF: Ed Gordon
Batting: RHB Braylen Sampson 0-0: Ball
1-0: Foul Ball, location: 2F
1-1: Ball
2-1: Foul Ball, location: 2F
2-2: Ground out 5-3 (Groundball, 56S)
Batting: RHB Bill Erickson 0-0: Called Strike
0-1: Ball
1-1: Ball
2-1: Ball
3-1: Fly out, F9 (Flyball, 9LS)
Batting: RHB Bill Poole 0-0: Called Strike
0-1: SINGLE (Groundball, 56D)
Batting: RHB Greg Billingsley 0-0: Ball
1-0: Ball
2-0: Called Strike
2-1: Foul Ball, location: 2F
2-2: Fly out, F9 (Flyball, 89S)
Top of the 9th over - 0 runs, 1 hit, 0 errors, 1 left on base; Phoenix 2 - South Beach 12
Tuesday, December 19th, 2017 - OOTP Baseball 18.8 Build 76